 Dungeon Crawl Stone Soup version 0.18.1-48-g4cf74bf (webtiles) character file.

464 Alarkh the Shooter (level 6, -2/44 HPs)
             Began as a Mummy Hunter on Sept 11, 2016.
             Slain by a worker ant zombie (4 damage)
             ... on level 5 of the Dungeon.
             The game lasted 00:08:53 (4916 turns).

Alarkh the Shooter (Mummy Hunter)                   Turns: 4916, Time: 00:08:53

Health: -2/44      AC:  3    Str: 15    XL:     6   Next: 80%
Magic:  6/6        EV: 11    Int: 13    God:
Gold:   238        SH:  0    Dex: 12    Spells: 0 memorised, 5 levels left

rFire  . . .     SeeInvis +     a - +1 shortbow
rCold  . . .     Gourm    .     c - +0 leather armour
rNeg   + + +     Faith    .     (shield currently unavailable)
rPois  ∞         Spirit   .     (no helmet)
rElec  .         Dismiss  .     (no cloak)
rCorr  .         Reflect  .     (no gloves)
SustAt .         Harm     .     (no boots)
MR     .....                    (no amulet)
Stlth  +.........               f - ring of fire
                                j - ring of see invisible

@: not resistant to hostile enchantments, very unstealthy
A: no food or potions, fire vulnerability, cold resistance 1, negative energy
resistance 3, torment resistance, unbreathing
a: no special abilities


You were on level 5 of the Dungeon.
You were not hungry.

You visited 1 branch of the dungeon, and saw 6 of its levels.
You also visited: Sewer.

You collected 238 gold pieces.

Inventory:

Hand Weapons
 a - a +1 shortbow (weapon)
 b - a +2 dagger of venom
 h - a +3 shortbow of flaming
 k - a +0 short sword
Missiles
 d - 34 arrows (quivered)
 n - a throwing net
Armour
 c - a +0 leather armour (worn)
 m - a +1 cloak of magic resistance
Jewellery
 f - a ring of fire (right hand)
 j - a ring of see invisible (left hand)
 l - an uncursed ring of protection from magic
Wands
 e - a wand of paralysis (12/24)
Scrolls
 i - a scroll of recharging
 o - a scroll of immolation {unknown}
 p - 2 scrolls of identify {unknown}


   Skills:
 - Level 2.0 Fighting
 + Level 6.8 Bows
 - Level 1.7 Dodging
 - Level 0.7 Stealth


You had 5 spell levels left.
You didn't know any spells.

Dungeon Overview and Level Annotations

Branches:
Dungeon (6/15)
 Temple: D:4-7

Altars:
Ashenzari
Dithmenos
Makhleb
Ru
Sif Muna

Annotations:
D:3 appiemonkey's ghost, amateur MiFi
D:4 Eustachio
D:6 Blork the orc; Dowan; Duvessa


Innate Abilities, Weirdness & Mutations

You do not eat or drink.
Your flesh is vulnerable to fire.
You are immune to poison.
Your flesh is cold resistant.
You are immune to negative energy.
You are immune to unholy pain and torment.
You can survive without breathing.


Message History

Press: ? - help, Shift-Dir - straight line, f - worker ant zombie
Aim: a worker ant zombie You shoot an arrow.
The arrow barely misses the worker ant zombie.
The worker ant zombie bites you.
* * * LOW HITPOINT WARNING * * *
Firing (i - inventory. (,) - cycle):
d - 36 arrows (quivered)
Press: ? - help, Shift-Dir - straight line, f - centaur skeleton, p - worker ant zombie
Aim: a centaur skeleton You shoot an arrow.
The arrow hits the worker ant zombie!
The worker ant zombie barely misses you.
Firing (i - inventory. (,) - cycle):
d - 35 arrows (quivered)
Press: ? - help, Shift-Dir - straight line, f - worker ant zombie
Aim: a worker ant zombie You shoot an arrow.
The arrow hits the worker ant zombie but does no damage.
The worker ant zombie bites you.
* * * LOW HITPOINT WARNING * * *
The worker ant zombie bites you.
You die...

.$ #.#...#
##.#...###.
......#..
#.##...#
#.##..(# #
#......#
.###.####.@#..#
..........ZZ>.#
.......<(..#.##
....().......#
.###.#########
#


You could see a worker ant zombie and a centaur skeleton.

Vanquished Creatures
  An ogre (D:4)
  A big kobold (Sewer)
  2 orc priests (D:3)
  An iguana (D:4)
  A worker ant (D:4)
  8 adders
  A river rat (Sewer)
  An adder skeleton (D:4)
  A worm (D:3)
  A dart slug (D:2)
  4 giant geckos
  12 orcs
  6 ball pythons
  6 bats
  5 giant cockroaches
  7 goblins
  6 hobgoblins
  5 jackals
  12 kobolds
  A quokka (D:3)
  4 giant newts
  6 rats
92 creatures vanquished.

Notes
Turn   | Place    | Note
--------------------------------------------------------------
     0 | D:1      | Alarkh the Mummy Hunter began the quest for the Orb.
     0 | D:1      | Reached XP level 1. HP: 16/16 MP: 1/1
    72 | D:1      | Reached XP level 2. HP: 22/22 MP: 2/2
   438 | D:1      | Reached skill level 4 in Bows
   489 | D:2      | Found a shattered altar of Ashenzari.
   531 | D:2      | Reached XP level 3. HP: 27/27 MP: 3/3
  1156 | D:3      | Reached XP level 4. HP: 33/33 MP: 4/4
  1176 | D:3      | Reached skill level 5 in Bows
  1420 | D:3      | Noticed appiemonkey's ghost (amateur MiFi)
  2047 | D:3      | Reached XP level 5. HP: 37/38 MP: 5/5
  2172 | D:3      | Found a shadowy altar of Dithmenos.
  2676 | D:3      | Found a faded altar to an unknown god.
  2792 | D:3      | Became a worshipper of Sif Muna the Loreminder
  2792 | D:3      | Reached * piety under Sif Muna
  2792 | D:3      | Fell from the grace of Sif Muna
  2854 | D:3      | Found a sacrificial altar of Ru.
  2993 | D:4      | Found a glowing drain.
  2997 | Sewer    | Entered a sewer
  3296 | Sewer    | Found a white marble altar of Elyvilon.
  3390 | D:4      | Reached skill level 6 in Bows
  3390 | D:4      | Reached XP level 6. HP: 42/44 MP: 6/6
  3702 | D:4      | Found a burning altar of Makhleb.
  3702 | D:4      | Noticed a cacodemon
  3818 | D:4      | Found a shattered altar of Ashenzari.
  4293 | D:4      | Noticed a sky beast
  4332 | D:3      | HP: 2/44 [adder (1)]
  4741 | D:5      | Entered Level 5 of the Dungeon
  4742 | D:5      | Noticed Eustachio
  4881 | D:6      | Noticed Blork the orc
  4894 | D:6      | Noticed Duvessa
  4895 | D:6      | Noticed Dowan
  4915 | D:5      | HP: 2/44 [worker ant zombie (3)]
  4916 | D:5      | Slain by a worker ant zombie

Skill      XL: |  1  2  3  4  5 |
---------------+----------------+-----
Bows           | 4 5 6 |  6.8
Fighting       | |  2.0
Dodging        | |  1.7
Stealth        | |  0.7

Action                   |  1- 3 |  4- 6 || total
-------------------------+-------+-------++-------
Melee: Dagger            |       |   192 ||   192
       Short sword       |       |    11 ||    11
 Fire: Shortbow          |    92 |    46 ||   138
Invok: Renounce Religion |       |     1 ||     1
  Use: Scroll            |     1 |     6 ||     7
Armor: Leather armour    |     2 |    51 ||    53
Dodge: Dodged            |    18 |   153 ||   171
